Flyers vs Predators
(R1)
Created - November 16, 2018 at 19:33
Goals
|
| Flyers |
0 |
3 |
1 |
4 |
| Predators |
0 |
1 |
2 |
3 |
|
Shots
|
| Flyers |
11 |
11 |
11 |
33 |
| Predators |
12 |
8 |
8 |
28 |
|
1st period
No Goal
Penalties :
Jonathan Ericsson (Phi) for Hooking (Minor) at 1:08, Brendan Gallagher (Nas) for Tripping (Minor) at 2:11, Dmitri Kalinin (Nas) for Goalie Interference (Minor) at 14:29
2nd period
1. Predators , Alexander Steen 5 (Alexander Edler 8) at 0:27
2. Flyers , Dany Heatley 5 (Jaromir Jagr 5) at 1:41
3. Flyers , Jeff Carter 7 (Jakub Voracek 14, Drew Miller 8) at 1:57
4. Flyers , Brian Lashoff 1 (Chris Mcallister 2) at 13:36
Penalties :
Adam Burish (Nas) for Elbowing (Minor) at 4:32, Barret Jackman (Nas) for Holding Stick (Minor) at 18:14
3rd period
5. Flyers , Jeff Carter 8 (Jakub Voracek 15, Nathan Beaulieu 4) at 4:37
6. Predators , Brendan Gallagher 7 (Alexander Edler 9, James Van Riemsdyk 4) at 5:15
7. Predators , Ryan Kesler 8 (Alexander Edler 10) at 5:25
Penalties :
Nathan Beaulieu (Phi) for Hooking (Minor) at 1:44, Brendan Gallagher (Nas) for Hooking (Minor) at 7:08, Niclas Bergfors (Nas) for Hooking (Minor) at 16:23
Goalie Stats
Steve Mason (Phi), 25 saves from 28 shots - (0.893), W, 6-2-1, 60:00 minutes
Viktor Fasth (Nas), 29 saves from 33 shots - (0.879), L, 8-5-1, 58:47 minutes
Players Stats for Flyers
Player Name G A P +/- PIM S H SB GA TA FO MP PP MP PK MP
------------------------------------------------------------------------------------
Brian Lashoff 1 0 1 2 0 2 0 0 0 1 0/0 16:07 0:00 0:10
Brian McGrattan 0 0 0 1 0 3 1 0 0 0 0/0 7:10 0:00 0:00
Chris Mcallister 0 1 1 1 0 3 0 0 0 0 0/0 8:38 0:00 1:28
Dany Heatley 1 0 1 0 0 4 0 0 0 0 0/0 10:28 0:00 0:07
Drew Miller 0 1 1 1 0 2 5 0 0 1 0/0 21:10 5:30 0:00
J.T. Miller 0 0 0 -1 0 3 1 0 0 1 0/0 19:27 5:28 1:37
Jakub Voracek 0 2 2 1 0 5 1 0 0 0 1/3 21:37 5:30 0:00
Jaromir Jagr 0 1 1 0 0 1 1 0 0 0 1/1 10:21 0:00 0:00
Jeff Carter 2 0 2 1 0 3 2 0 0 0 13/28 21:37 5:30 0:00
Jeff Woywitka 0 0 0 -2 0 3 4 1 1 1 0/0 25:29 5:40 1:53
Jonathan Ericsson 0 0 0 1 2 1 0 2 0 1 0/0 11:12 2:15 0:00
Kyle Wellwood 0 0 0 -1 0 2 1 0 2 1 9/15 19:24 5:28 1:34
Marcus Kruger 0 0 0 0 0 1 1 0 0 0 3/7 10:21 0:00 0:00
Mats Zuccarello 0 0 0 -1 0 0 3 0 0 1 0/0 16:56 5:04 0:00
Matt Smaby 0 0 0 1 0 0 3 1 0 0 0/0 21:09 5:18 1:31
Matthew Lombardi 0 0 0 1 0 0 1 0 0 0 4/5 8:38 0:00 1:28
Nathan Beaulieu 0 1 1 0 2 0 2 1 0 1 0/0 19:06 2:45 0:00
Oliver Ekman-Larsson 0 0 0 0 0 0 3 2 1 1 0/0 27:10 6:22 2:20
Players Stats for Predators
Player Name G A P +/- PIM S H SB GA TA FO MP PP MP PK MP
------------------------------------------------------------------------------------
Adam Burish 0 0 0 0 2 0 1 1 0 0 0/1 12:05 0:28 2:12
Alexander Edler 0 3 3 1 0 2 1 2 2 0 0/0 29:30 1:19 6:20
Alexander Ovechkin 0 0 0 0 0 6 1 0 0 0 0/0 21:01 1:06 1:29
Alexander Steen 1 0 1 0 0 2 0 0 0 0 0/0 9:09 1:28 0:00
Andy Miele 0 0 0 -2 0 1 0 0 0 0 10/18 19:12 0:00 6:19
Barret Jackman 0 0 0 -2 2 2 0 0 0 0 0/0 10:35 0:19 0:00
Brendan Gallagher 1 0 1 1 4 3 1 1 1 0 0/1 14:03 1:27 0:00
Byron Bitz 0 0 0 -2 0 1 0 1 1 0 0/0 12:49 0:00 6:14
Dmitri Kalinin 0 0 0 0 2 1 0 1 0 0 0/0 13:40 0:19 0:00
James Van Riemsdyk 0 1 1 1 0 0 2 0 1 0 2/2 12:37 1:07 0:00
John Moore 0 0 0 0 0 2 2 0 0 1 0/0 20:02 1:24 4:38
Justin Abdelkader 0 0 0 -2 0 1 1 0 0 0 0/2 9:15 0:12 2:05
Michal Rozsival 0 0 0 -2 0 0 0 2 0 1 0/0 15:49 0:00 4:38
Mikael Granlund 0 0 0 1 0 1 0 0 2 0 2/2 13:08 0:47 0:24
Niclas Bergfors 0 0 0 0 2 4 2 0 0 1 0/1 20:01 1:06 0:16
Ryan Kesler 1 0 1 0 0 2 1 0 1 1 14/32 24:08 1:24 2:57
Ryan Mcdonagh 0 0 0 1 0 0 1 1 1 0 0/0 26:03 1:19 6:20
Ryan Murray 0 0 0 0 0 0 0 0 0 0 0/0 4:52 1:24 0:00
3 Stars
1 - Jeff Carter (Phi)
2 - Alexander Edler (Nas)
3 - Brian Lashoff (Phi)
Power Play
Flyers - 0 on 7 Attempt(s) - 0.00%
Predators - 0 on 2 Attempt(s) - 0.00%
Penalty Kill
Flyers - 2 on 2 Attempt(s) - 100.00%
- Score 0 goal in Penalty Kill
Predators - 7 on 7 Attempt(s) - 100.00%
- Score 0 goal in Penalty Kill
Team Stat
Flyers - Hits : 29 - Faceoff Wins : 31 - Blocked Shots : 7 - Penalty Minutes : 4
Predators - Hits : 13 - Faceoff Wins : 28 - Blocked Shots : 9 - Penalty Minutes : 12
Official
Referees : Unknown
Linesman : Unknown
Game Notes
0:52 of 2nd period - Penalty Shot by Ryan Mcdonagh for Predators - Shot Misses the Net
Jonathan Ericsson is injured at 11:48 of 2nd period (Lower Body)
Finance
Level 1 -- Attendance: 5662 (94.37%) -- Ticket Income $498,256
Level 2 -- Attendance: 5000 (100.00%) -- Ticket Income $270,000
Level 3 -- Attendance: 1936 (96.80%) -- Ticket Income $65,824
Level 4 -- Attendance: 4000 (100.00%) -- Ticket Income $104,000
Luxury Box -- Attendance: 742 (74.20%) -- Ticket Income $126,140
Game was played at the Wildcat center.
Total Attendance: 17340 (96.33%)
Total Ticket Income: $1,064,220
Other Income: $159,633
Total Income: $1,223,853
Flyers
5 vs 5 Forward
Center Left Wing Right Wing Time % Phy DF OF
1 Jeff Carter Drew Miller Jakub Voracek 40 0 1 4
2 Kyle Wellwood J.T. Miller Mats Zuccarello 30 0 1 4
3 Marcus Kruger Dany Heatley Jaromir Jagr 20 0 1 4
4 Matthew Lombardi Chris Mcallister Brian McGrattan 10 0 4 1
5 vs 5 Defense
Defense Defense Time % Phy DF OF
1 Oliver Ekman-Larsson Matt Smaby 30 1 3 1
2 Jeff Woywitka Nathan Beaulieu 30 1 3 1
3 Brian Lashoff Jonathan Ericsson 30 1 3 1
4 Oliver Ekman-Larsson Jeff Woywitka 10 1 3 1
PowerPlay Forward
Center Left Wing Right Wing Time % Phy DF OF
1 Jeff Carter Drew Miller Jakub Voracek 50 0 1 4
2 Kyle Wellwood J.T. Miller Mats Zuccarello 50 0 1 4
PowerPlay Defense
Defense Defense Time % Phy DF OF
1 Oliver Ekman-Larsson Matt Smaby 50 0 2 3
2 Jonathan Ericsson Jeff Woywitka 50 0 2 3
Penalty Kill 4 Players Forward
Center Wing Time % Phy DF OF
1 Matthew Lombardi Chris Mcallister 50 0 4 1
2 Kyle Wellwood J.T. Miller 50 0 4 1
Penalty Kill 4 Players Defense
Defense Defense Time % Phy DF OF
1 Oliver Ekman-Larsson Matt Smaby 50 1 4 0
2 Jeff Woywitka Jonathan Ericsson 50 1 4 0
Penalty Kill - 3 Players Forward
Forward Time % Phy DF OF
1 Matthew Lombardi 50 0 4 1
2 Kyle Wellwood 50 0 4 1
Penalty Kill - 3 Players Defense
Defense Defense Time % Phy DF OF
1 Oliver Ekman-Larsson Matt Smaby 50 1 4 0
2 Jeff Woywitka Jonathan Ericsson 50 1 4 0
4 vs 4 Forward
Center Wing Time % Phy DF OF
1 Jeff Carter Jakub Voracek 50 0 2 3
2 Kyle Wellwood J.T. Miller 50 0 2 3
4 vs 4 Defense
Defense Defense Time % Phy DF OF
1 Oliver Ekman-Larsson Matt Smaby 50 1 3 1
2 Jeff Woywitka Jonathan Ericsson 50 1 3 1
Last Minutes Offensive
Center Left Wing Right Wing Defense Defense
Jeff Carter Drew Miller Jakub Voracek Oliver Ekman-Larsson Jeff Woywitka
Last Minutes Defensive
Center Left Wing Right Wing Defense Defense
Matthew Lombardi Chris Mcallister Brian McGrattan Oliver Ekman-Larsson Jeff Woywitka
Goaltenders
Starting : Steve Mason
Backup : Cory Schneider
Extra Forwards
Normal : Jeff Carter, Kyle Wellwood, Drew Miller - PP : Jeff Carter, Kyle Wellwood - PK : Chris Mcallister
Extra Defensemen
Normal : Oliver Ekman-Larsson, Jeff Woywitka, Jonathan Ericsson - PP : Oliver Ekman-Larsson - PK : Oliver Ekman-Larsson, Jeff Woywitka
Penalty Shots
Jeff Carter, Dany Heatley, Kyle Wellwood, Jaromir Jagr, J.T. Miller
Scratches
None
Predators
5 vs 5 Forward
Center Left Wing Right Wing Time % Phy DF OF
1 Ryan Kesler Alexander Ovechkin Niclas Bergfors 40 1 2 2
2 Mikael Granlund James Van Riemsdyk Brendan Gallagher 30 1 2 2
3 Andy Miele Alexander Steen Adam Burish 20 2 1 2
4 Andy Miele Justin Abdelkader Byron Bitz 10 1 2 2
5 vs 5 Defense
Defense Defense Time % Phy DF OF
1 Ryan Mcdonagh Alexander Edler 40 1 2 2
2 John Moore Dmitri Kalinin 30 1 2 2
3 Michal Rozsival Barret Jackman 20 1 2 2
4 Ryan Murray Alexander Edler 10 1 2 2
PowerPlay Forward
Center Left Wing Right Wing Time % Phy DF OF
1 Ryan Kesler Alexander Ovechkin Niclas Bergfors 60 1 1 3
2 Ryan Kesler Alexander Steen Brendan Gallagher 40 1 1 3
PowerPlay Defense
Defense Defense Time % Phy DF OF
1 Ryan Mcdonagh Alexander Edler 60 1 1 3
2 John Moore Ryan Murray 40 1 2 2
Penalty Kill 4 Players Forward
Center Wing Time % Phy DF OF
1 Andy Miele Byron Bitz 60 1 2 2
2 Ryan Kesler Adam Burish 40 1 2 2
Penalty Kill 4 Players Defense
Defense Defense Time % Phy DF OF
1 Ryan Mcdonagh Alexander Edler 60 1 2 2
2 John Moore Michal Rozsival 40 1 2 2
Penalty Kill - 3 Players Forward
Forward Time % Phy DF OF
1 Byron Bitz 60 1 2 2
2 Adam Burish 40 1 2 2
Penalty Kill - 3 Players Defense
Defense Defense Time % Phy DF OF
1 Ryan Mcdonagh Alexander Edler 60 1 2 2
2 John Moore Michal Rozsival 40 1 2 2
4 vs 4 Forward
Center Wing Time % Phy DF OF
1 Ryan Kesler Niclas Bergfors 60 1 2 2
2 Mikael Granlund Alexander Ovechkin 40 1 2 2
4 vs 4 Defense
Defense Defense Time % Phy DF OF
1 Ryan Mcdonagh Alexander Edler 60 1 2 2
2 John Moore Michal Rozsival 40 1 2 2
Last Minutes Offensive
Center Left Wing Right Wing Defense Defense
Ryan Kesler Alexander Ovechkin Niclas Bergfors Ryan Mcdonagh Alexander Edler
Last Minutes Defensive
Center Left Wing Right Wing Defense Defense
Ryan Kesler Alexander Ovechkin Byron Bitz Ryan Mcdonagh Alexander Edler
Goaltenders
Starting : Viktor Fasth
Backup : Chad Johnson
Extra Forwards
Normal : Brendan Gallagher, James Van Riemsdyk, Justin Abdelkader - PP : Brendan Gallagher, James Van Riemsdyk - PK : Justin Abdelkader
Extra Defensemen
Normal : Michal Rozsival, Ryan Murray, John Moore - PP : Dmitri Kalinin - PK : John Moore, Dmitri Kalinin
Penalty Shots
Alexander Ovechkin, Niclas Bergfors, Ryan Kesler, Andy Miele, Justin Abdelkader
Scratches
None
% Time on Ice - Flyers
Lines # - Real PCT - Wanted PCT - Time Play
Normal Forward
1 - 35% - 40% - 15:40
2 - 27% - 30% - 11:53
3 - 23% - 20% - 10:21
4 - 15% - 10% - 6:43
Normal Defense
1 - 28% - 30% - 12:31
2 - 29% - 30% - 13:02
3 - 37% - 30% - 16:31
4 - 6% - 10% - 2:33
PP Forward
1 - 50% - 50% - 5:30
2 - 50% - 50% - 5:28
PP Defense
1 - 48% - 50% - 5:18
2 - 52% - 50% - 5:40
PK Forward
1 - 48% - 50% - 1:28
2 - 52% - 50% - 1:34
PK Defense
1 - 9% - 50% - 0:17
2 - 91% - 50% - 2:45
PK3 Forward
1 - 0% - 50%
2 - 0% - 50%
PK3 Defense
1 - 0% - 50%
2 - 0% - 50%
44 Forward
1 - 48% - 50% - 0:27
2 - 52% - 50% - 0:29
44 Defense
1 - 48% - 50% - 0:27
2 - 52% - 50% - 0:29
Last Minute Offensive - 0:00
Last Minute Defensive - 0:27
Total
Forward - 60:00
Defense - 60:00
|
% Time on Ice - Predators
Lines # - Real PCT - Wanted PCT - Time Play
Normal Forward
1 - 42% - 40% - 18:29
2 - 29% - 30% - 12:43
3 - 17% - 20% - 7:41
4 - 12% - 10% - 5:14
Normal Defense
1 - 39% - 40% - 17:16
2 - 31% - 30% - 13:49
3 - 23% - 20% - 10:04
4 - 7% - 10% - 2:58
PP Forward
1 - 52% - 60% - 1:34
2 - 48% - 40% - 1:28
PP Defense
1 - 54% - 60% - 1:38
2 - 46% - 40% - 1:24
PK Forward
1 - 76% - 60% - 8:17
2 - 24% - 40% - 2:41
PK Defense
1 - 58% - 60% - 6:20
2 - 42% - 40% - 4:38
PK3 Forward
1 - 0% - 60%
2 - 0% - 40%
PK3 Defense
1 - 0% - 60%
2 - 0% - 40%
44 Forward
1 - 63% - 60% - 0:35
2 - 38% - 40% - 0:21
44 Defense
1 - 80% - 60% - 0:45
2 - 20% - 40% - 0:11
Last Minute Offensive - 0:57
Last Minute Defensive - 0:00
Total
Forward - 60:00
Defense - 60:00
|
Play by Play
1st period
0:01 of 1st period - Ryan Kesler wins face-off versus Jeff Carter in neutral zone.
0:26 of 1st period - Ryan Mcdonagh is hit by Mats Zuccarello.
0:34 of 1st period - Snap shot by Mikael Granlund.
0:34 of 1st period - Deflect By Oliver Ekman-Larsson.
0:34 of 1st period - Stopped by Steve Mason without a rebound.
0:35 of 1st period - Andy Miele wins face-off versus Marcus Kruger in Flyers zone.
1:05 of 1st period - Slapshot by Ryan Kesler.
1:05 of 1st period - Stopped by Steve Mason without a rebound.
1:06 of 1st period - Matthew Lombardi wins face-off versus Andy Miele in Flyers zone.
1:08 of 1st period - Minor Penalty to Jonathan Ericsson for Hooking.
1:09 of 1st period - Matthew Lombardi wins face-off versus Ryan Kesler in Flyers zone.
1:25 of 1st period - Wrist shot by Niclas Bergfors.
1:25 of 1st period - Stopped by Steve Mason without a rebound.
1:26 of 1st period - Matthew Lombardi wins face-off versus Ryan Kesler in Flyers zone.
1:51 of 1st period - Alexander Edler is hit by Jeff Woywitka and loses puck.
2:11 of 1st period - Minor Penalty to Brendan Gallagher for Tripping.
2:12 of 1st period - Ryan Kesler wins face-off versus Jeff Carter in Predators zone.
2:27 of 1st period - Alexander Edler is hit by Jeff Carter and loses puck.
2:54 of 1st period - Snap shot by J.T. Miller.
2:54 of 1st period - Stopped by Viktor Fasth with a rebound.
2:56 of 1st period - Slapshot by Jeff Woywitka.
2:56 of 1st period - Stopped by Viktor Fasth without a rebound.
2:57 of 1st period - Kyle Wellwood wins face-off versus Ryan Kesler in Predators zone.
2:58 of 1st period - Slapshot by Oliver Ekman-Larsson.
2:58 of 1st period - Shot Misses the Net.
3:08 of 1st period - Penalty to Jonathan Ericsson is over, Jonathan Ericsson is back on ice.
3:31 of 1st period - Off-side.
3:32 of 1st period - Jeff Carter wins face-off versus Andy Miele in neutral zone.
4:02 of 1st period - Slapshot by John Moore.
4:02 of 1st period - Deflect By Matt Smaby.
4:02 of 1st period - Stopped by Steve Mason without a rebound.
4:03 of 1st period - Kyle Wellwood wins face-off versus Ryan Kesler in Flyers zone.
4:11 of 1st period - Penalty to Brendan Gallagher is over, Brendan Gallagher is back on ice.
4:42 of 1st period - Snap shot by Kyle Wellwood.
4:42 of 1st period - Shot Blocked by Michal Rozsival.
4:44 of 1st period - Slapshot by Kyle Wellwood.
4:44 of 1st period - Stopped by Viktor Fasth with a rebound.
4:46 of 1st period - Snap shot by Kyle Wellwood.
4:46 of 1st period - Stopped by Viktor Fasth without a rebound.
4:47 of 1st period - Jeff Carter wins face-off versus Andy Miele in Predators zone.
5:33 of 1st period - Snap shot by Ryan Kesler.
5:33 of 1st period - Shot Misses the Net.
6:25 of 1st period - Backhand shot by John Moore.
6:25 of 1st period - Stopped by Steve Mason with a rebound.
8:57 of 1st period - Snap shot by Jeff Woywitka.
8:57 of 1st period - Stopped by Viktor Fasth without a rebound.
8:58 of 1st period - Ryan Kesler wins face-off versus Jeff Carter in Predators zone.
9:13 of 1st period - John Moore is hit by Drew Miller and loses puck.
9:28 of 1st period - Snap shot by Andy Miele.
9:28 of 1st period - Stopped by Steve Mason without a rebound.
9:29 of 1st period - Marcus Kruger wins face-off versus Justin Abdelkader in Flyers zone.
9:42 of 1st period - Wrist shot by Alexander Edler.
9:42 of 1st period - Stopped by Steve Mason without a rebound.
9:43 of 1st period - Jeff Carter wins face-off versus Ryan Kesler in Flyers zone.
9:58 of 1st period - Wrist shot by Jakub Voracek.
9:58 of 1st period - Stopped by Viktor Fasth without a rebound.
9:59 of 1st period - Ryan Kesler wins face-off versus Jeff Carter in Predators zone.
10:04 of 1st period - Snap shot by Alexander Ovechkin.
10:04 of 1st period - Stopped by Steve Mason with a rebound.
10:06 of 1st period - Wrist shot by Niclas Bergfors.
10:06 of 1st period - Shot Misses the Net.
10:24 of 1st period - Ryan Mcdonagh is hit by Marcus Kruger and loses puck.
10:33 of 1st period - Snap shot by Alexander Steen.
10:33 of 1st period - Shot Hit the Post.
10:35 of 1st period - Snap shot by Michal Rozsival.
10:35 of 1st period - Shot Misses the Net.
12:02 of 1st period - Snap shot by Drew Miller.
12:02 of 1st period - Shot Blocked by Ryan Mcdonagh.
12:04 of 1st period - Wrist shot by Jeff Woywitka.
12:04 of 1st period - Stopped by Viktor Fasth without a rebound.
12:05 of 1st period - Jeff Carter wins face-off versus Ryan Kesler in Predators zone.
13:12 of 1st period - Jeff Woywitka is hit by Justin Abdelkader and loses puck.
13:35 of 1st period - Wrist shot by Jeff Carter.
13:35 of 1st period - Shot Misses the Net.
13:51 of 1st period - Off-side.
13:52 of 1st period - Kyle Wellwood wins face-off versus Adam Burish in neutral zone.
14:14 of 1st period - Off-side.
14:15 of 1st period - Marcus Kruger wins face-off versus Niclas Bergfors in neutral zone.
14:17 of 1st period - Off-side.
14:18 of 1st period - Marcus Kruger wins face-off versus Ryan Kesler in neutral zone.
14:29 of 1st period - Minor Penalty to Dmitri Kalinin for Goalie Interference.
14:30 of 1st period - Andy Miele wins face-off versus Jeff Carter in Predators zone.
14:57 of 1st period - Byron Bitz is hit by Matt Smaby.
15:38 of 1st period - Mats Zuccarello is hit by John Moore and loses puck.
16:29 of 1st period - Penalty to Dmitri Kalinin is over, Dmitri Kalinin is back on ice.
16:42 of 1st period - Ryan Mcdonagh is hit by Matthew Lombardi and loses puck.
16:47 of 1st period - Backhand shot by Chris Mcallister.
16:47 of 1st period - Shot Blocked by Alexander Edler.
16:49 of 1st period - Snap shot by Jonathan Ericsson.
16:49 of 1st period - Shot Misses the Net.
16:51 of 1st period - Wrist shot by Jonathan Ericsson.
16:51 of 1st period - Stopped by Viktor Fasth with a rebound.
16:53 of 1st period - Snap shot by Brian McGrattan.
16:53 of 1st period - Deflect By Ryan Mcdonagh.
16:53 of 1st period - Stopped by Viktor Fasth without a rebound.
16:54 of 1st period - Mikael Granlund wins face-off versus Marcus Kruger in Predators zone.
17:00 of 1st period - Off-side.
17:01 of 1st period - James Van Riemsdyk wins face-off versus Marcus Kruger in neutral zone.
17:18 of 1st period - Wrist shot by Dany Heatley.
17:18 of 1st period - Stopped by Viktor Fasth with a rebound.
17:20 of 1st period - Slapshot by Oliver Ekman-Larsson.
17:20 of 1st period - Deflect By Marcus Kruger.
17:20 of 1st period - Shot Misses the Net.
17:20 of 1st period - Puck is out of play.
17:21 of 1st period - Ryan Kesler wins face-off versus Jeff Carter in Predators zone.
17:28 of 1st period - Wrist shot by Niclas Bergfors.
17:28 of 1st period - Stopped by Steve Mason without a rebound.
17:29 of 1st period - Ryan Kesler wins face-off versus Jakub Voracek in Flyers zone.
17:36 of 1st period - Snap shot by Niclas Bergfors.
17:36 of 1st period - Stopped by Steve Mason with a rebound.
17:50 of 1st period - Snap shot by Alexander Ovechkin.
17:50 of 1st period - Stopped by Steve Mason without a rebound.
17:51 of 1st period - Andy Miele wins face-off versus Kyle Wellwood in Flyers zone.
17:52 of 1st period - Slapshot by Alexander Steen.
17:52 of 1st period - Stopped by Steve Mason without a rebound.
17:53 of 1st period - Kyle Wellwood wins face-off versus Andy Miele in Flyers zone.
18:20 of 1st period - Snap shot by Dany Heatley.
18:20 of 1st period - Stopped by Viktor Fasth without a rebound.
18:21 of 1st period - Ryan Kesler wins face-off versus Marcus Kruger in Predators zone.
19:47 of 1st period - Andy Miele is hit by Drew Miller and loses puck.
19:52 of 1st period - Wrist shot by Jeff Carter.
19:52 of 1st period - Deflect By Jakub Voracek.
19:52 of 1st period - Shot Misses the Net.
19:52 of 1st period - Puck is out of play.
19:53 of 1st period - Andy Miele wins face-off versus Jeff Carter in Predators zone.
19:58 of 1st period - Jonathan Ericsson is hit by John Moore and loses puck.
Goals for this period are 0 for Flyers vs 0 for Predators.
Shots for this period are 11 for Flyers vs 12 for Predators.
2nd period
0:01 of 2nd period - Ryan Kesler wins face-off versus Jakub Voracek in neutral zone.
0:27 of 2nd period - Wrist shot by Alexander Steen.
0:27 of 2nd period - Goal by Alexander Steen - Flyers : 0 - Predators : 1.
0:28 of 2nd period - Jeff Carter wins face-off versus Ryan Kesler in neutral zone.
0:35 of 2nd period - Snap shot by Jeff Carter.
0:35 of 2nd period - Deflect By Ryan Kesler.
0:35 of 2nd period - Shot Misses the Net.
0:35 of 2nd period - Puck is out of play.
0:36 of 2nd period - Jeff Carter wins face-off versus Ryan Kesler in Predators zone.
0:43 of 2nd period - Snap shot by Jakub Voracek.
0:43 of 2nd period - Stopped by Viktor Fasth with a rebound.
0:45 of 2nd period - Slapshot by Jonathan Ericsson.
0:45 of 2nd period - Deflect By Jeff Carter.
0:45 of 2nd period - Shot Misses the Net.
0:45 of 2nd period - Puck is out of play.
0:46 of 2nd period - Jeff Carter wins face-off versus Ryan Kesler in Predators zone.
0:52 of 2nd period - Penalty Shot by Ryan Mcdonagh for Predators.
0:52 of 2nd period - Snap shot by Ryan Mcdonagh.
0:52 of 2nd period - Shot Misses the Net.
0:53 of 2nd period - Jeff Carter wins face-off versus Ryan Kesler in Predators zone.
1:30 of 2nd period - Wrist shot by Mats Zuccarello.
1:30 of 2nd period - Shot Misses the Net.
1:39 of 2nd period - Icing by John Moore.
1:40 of 2nd period - Jaromir Jagr wins face-off versus Andy Miele in Predators zone.
1:41 of 2nd period - Snap shot by Dany Heatley.
1:41 of 2nd period - Goal by Dany Heatley - Flyers : 1 - Predators : 1.
1:42 of 2nd period - Jeff Carter wins face-off versus Ryan Kesler in neutral zone.
1:55 of 2nd period - Snap shot by Jakub Voracek.
1:55 of 2nd period - Stopped by Viktor Fasth with a rebound.
1:57 of 2nd period - Slapshot by Jeff Carter.
1:57 of 2nd period - Goal by Jeff Carter - Flyers : 2 - Predators : 1.
1:58 of 2nd period - Ryan Kesler wins face-off versus Jeff Carter in neutral zone.
2:22 of 2nd period - Icing by Alexander Edler.
2:23 of 2nd period - Kyle Wellwood wins face-off versus Ryan Kesler in Predators zone.
2:26 of 2nd period - Slapshot by J.T. Miller.
2:26 of 2nd period - Stopped by Viktor Fasth with a rebound.
2:28 of 2nd period - Slapshot by Brian Lashoff.
2:28 of 2nd period - Stopped by Viktor Fasth with a rebound.
3:07 of 2nd period - Snap shot by Alexander Ovechkin.
3:07 of 2nd period - Stopped by Steve Mason with a rebound.
3:09 of 2nd period - Wrist shot by Alexander Ovechkin.
3:09 of 2nd period - Shot Misses the Net.
3:11 of 2nd period - Slapshot by Barret Jackman.
3:11 of 2nd period - Stopped by Steve Mason with a rebound.
3:13 of 2nd period - Snap shot by Niclas Bergfors.
3:13 of 2nd period - Shot Blocked by Jonathan Ericsson.
3:15 of 2nd period - Snap shot by Alexander Ovechkin.
3:15 of 2nd period - Stopped by Steve Mason with a rebound.
3:17 of 2nd period - Snap shot by Niclas Bergfors.
3:17 of 2nd period - Shot Misses the Net.
3:19 of 2nd period - Snap shot by Niclas Bergfors.
3:19 of 2nd period - Stopped by Steve Mason with a rebound.
3:21 of 2nd period - Slapshot by Ryan Kesler.
3:21 of 2nd period - Shot Blocked by Jonathan Ericsson.
3:35 of 2nd period - Snap shot by Alexander Ovechkin.
3:35 of 2nd period - Shot Misses the Net.
3:49 of 2nd period - Slapshot by Alexander Ovechkin.
3:49 of 2nd period - Stopped by Steve Mason without a rebound.
3:50 of 2nd period - Kyle Wellwood wins face-off versus Brendan Gallagher in Flyers zone.
4:22 of 2nd period - Wrist shot by Dany Heatley.
4:22 of 2nd period - Shot Misses the Net.
4:32 of 2nd period - Minor Penalty to Adam Burish for Elbowing.
4:33 of 2nd period - Andy Miele wins face-off versus Kyle Wellwood in Predators zone.
4:42 of 2nd period - Slapshot by Andy Miele.
4:42 of 2nd period - Shot Misses the Net.
4:44 of 2nd period - Slapshot by Ryan Mcdonagh.
4:44 of 2nd period - Shot Blocked by Oliver Ekman-Larsson.
4:46 of 2nd period - Snap shot by Byron Bitz.
4:46 of 2nd period - Stopped by Steve Mason without a rebound.
4:47 of 2nd period - Andy Miele wins face-off versus Jeff Carter in Flyers zone.
5:27 of 2nd period - Ryan Kesler is hit by Kyle Wellwood and loses puck.
6:09 of 2nd period - Michal Rozsival is hit by Jeff Woywitka and loses puck.
6:32 of 2nd period - Penalty to Adam Burish is over, Adam Burish is back on ice.
7:26 of 2nd period - Snap shot by Chris Mcallister.
7:26 of 2nd period - Stopped by Viktor Fasth with a rebound.
7:38 of 2nd period - Jeff Woywitka is hit by Adam Burish and loses puck.
9:07 of 2nd period - Mats Zuccarello is hit by Niclas Bergfors and loses puck.
9:44 of 2nd period - Justin Abdelkader is hit by Jaromir Jagr and loses puck.
10:30 of 2nd period - Alexander Edler is hit by Jeff Woywitka and loses puck.
11:47 of 2nd period - Jonathan Ericsson is hit by James Van Riemsdyk and loses puck.
11:48 of 2nd period - Jonathan Ericsson from Flyers is injured at 11:48 of 2nd period (Lower Body).
11:49 of 2nd period - Ryan Kesler wins face-off versus Jeff Carter in Flyers zone.
11:50 of 2nd period - Snap shot by Alexander Ovechkin.
11:50 of 2nd period - Shot Misses the Net.
12:00 of 2nd period - Wrist shot by Ryan Kesler.
12:00 of 2nd period - Shot Misses the Net.
12:31 of 2nd period - Brian Lashoff is hit by Alexander Edler and loses puck.
13:32 of 2nd period - Wrist shot by Chris Mcallister.
13:32 of 2nd period - Shot Misses the Net.
13:34 of 2nd period - Snap shot by Chris Mcallister.
13:34 of 2nd period - Stopped by Viktor Fasth with a rebound.
13:36 of 2nd period - Slapshot by Brian Lashoff.
13:36 of 2nd period - Goal by Brian Lashoff - Flyers : 3 - Predators : 1.
13:37 of 2nd period - Jeff Carter wins face-off versus Ryan Kesler in neutral zone.
13:50 of 2nd period - Wrist shot by Jakub Voracek.
13:50 of 2nd period - Shot Blocked by Alexander Edler.
14:04 of 2nd period - Kyle Wellwood is hit by James Van Riemsdyk and loses puck.
14:19 of 2nd period - Mats Zuccarello is hit by Brendan Gallagher and loses puck.
14:30 of 2nd period - Alexander Steen is hit by Oliver Ekman-Larsson and loses puck.
14:41 of 2nd period - Wrist shot by Dany Heatley.
14:41 of 2nd period - Stopped by Viktor Fasth without a rebound.
14:42 of 2nd period - Ryan Kesler wins face-off versus Jeff Carter in Predators zone.
15:22 of 2nd period - Brendan Gallagher is hit by Mats Zuccarello and loses puck.
16:04 of 2nd period - Alexander Ovechkin is hit by Jakub Voracek.
17:00 of 2nd period - Snap shot by Andy Miele.
17:00 of 2nd period - Deflect By Justin Abdelkader.
17:00 of 2nd period - Stopped by Steve Mason with a rebound.
18:14 of 2nd period - Minor Penalty to Barret Jackman for Holding Stick.
18:15 of 2nd period - Jeff Carter wins face-off versus Andy Miele in Predators zone.
18:29 of 2nd period - Backhand shot by Jeff Carter.
18:29 of 2nd period - Stopped by Viktor Fasth without a rebound.
18:30 of 2nd period - Andy Miele wins face-off versus Kyle Wellwood in Predators zone.
18:53 of 2nd period - Byron Bitz is hit by Oliver Ekman-Larsson and loses puck.
Goals for this period are 3 for Flyers vs 1 for Predators.
Shots for this period are 11 for Flyers vs 8 for Predators.
3rd period
0:01 of 3rd period - Andy Miele wins face-off versus Kyle Wellwood in neutral zone.
0:14 of 3rd period - Penalty to Barret Jackman is over, Barret Jackman is back on ice.
0:28 of 3rd period - Wrist shot by Drew Miller.
0:28 of 3rd period - Stopped by Viktor Fasth with a rebound.
0:30 of 3rd period - Wrist shot by Jakub Voracek.
0:30 of 3rd period - Stopped by Viktor Fasth with a rebound.
0:42 of 3rd period - Matt Smaby is hit by Alexander Ovechkin and loses puck.
1:28 of 3rd period - Icing by Ryan Mcdonagh.
1:29 of 3rd period - Ryan Kesler wins face-off versus Kyle Wellwood in Predators zone.
1:42 of 3rd period - Snap shot by Alexander Ovechkin.
1:42 of 3rd period - Shot Misses the Net.
1:44 of 3rd period - Minor Penalty to Nathan Beaulieu for Hooking.
1:45 of 3rd period - James Van Riemsdyk wins face-off versus Matthew Lombardi in Flyers zone.
2:26 of 3rd period - Alexander Edler is hit by Jeff Woywitka and loses puck.
3:44 of 3rd period - Penalty to Nathan Beaulieu is over, Nathan Beaulieu is back on ice.
3:50 of 3rd period - Wrist shot by Byron Bitz.
3:50 of 3rd period - Shot Misses the Net.
3:52 of 3rd period - Wrist shot by Justin Abdelkader.
3:52 of 3rd period - Shot Misses the Net.
3:54 of 3rd period - Slapshot by Barret Jackman.
3:54 of 3rd period - Stopped by Steve Mason without a rebound.
3:55 of 3rd period - Andy Miele wins face-off versus Jeff Carter in Flyers zone.
4:12 of 3rd period - Byron Bitz is hit by Jeff Carter and loses puck.
4:30 of 3rd period - Andy Miele is hit by Drew Miller and loses puck.
4:37 of 3rd period - Slapshot by Jeff Carter.
4:37 of 3rd period - Goal by Jeff Carter - Flyers : 4 - Predators : 1.
4:38 of 3rd period - Kyle Wellwood wins face-off versus Ryan Kesler in neutral zone.
5:11 of 3rd period - Wrist shot by Brendan Gallagher.
5:11 of 3rd period - Stopped by Steve Mason with a rebound.
5:13 of 3rd period - Slapshot by Alexander Edler.
5:13 of 3rd period - Shot Blocked by Jeff Woywitka.
5:15 of 3rd period - Snap shot by Brendan Gallagher.
5:15 of 3rd period - Goal by Brendan Gallagher - Flyers : 4 - Predators : 2.
5:16 of 3rd period - Jeff Carter wins face-off versus Ryan Kesler in neutral zone.
5:25 of 3rd period - Snap shot by Ryan Kesler.
5:25 of 3rd period - Goal by Ryan Kesler - Flyers : 4 - Predators : 3.
5:26 of 3rd period - Ryan Kesler wins face-off versus Jeff Carter in neutral zone.
5:52 of 3rd period - Brendan Gallagher is hit by J.T. Miller.
5:58 of 3rd period - Slapshot by Brendan Gallagher.
5:58 of 3rd period - Stopped by Steve Mason with a rebound.
6:00 of 3rd period - Slapshot by John Moore.
6:00 of 3rd period - Shot Blocked by Nathan Beaulieu.
6:02 of 3rd period - Backhand shot by Dmitri Kalinin.
6:02 of 3rd period - Shot Misses the Net.
7:02 of 3rd period - Wrist shot by Drew Miller.
7:02 of 3rd period - Shot Misses the Net.
7:08 of 3rd period - Minor Penalty to Brendan Gallagher for Hooking.
7:09 of 3rd period - Andy Miele wins face-off versus Jeff Carter in Predators zone.
7:36 of 3rd period - Ryan Mcdonagh is hit by Mats Zuccarello and loses puck.
9:08 of 3rd period - Penalty to Brendan Gallagher is over, Brendan Gallagher is back on ice.
9:55 of 3rd period - Wrist shot by Marcus Kruger.
9:55 of 3rd period - Shot Hit the Post.
10:11 of 3rd period - Snap shot by Jaromir Jagr.
10:11 of 3rd period - Shot Misses the Net.
10:13 of 3rd period - Wrist shot by Marcus Kruger.
10:13 of 3rd period - Shot Blocked by Brendan Gallagher.
10:15 of 3rd period - Slapshot by Brian Lashoff.
10:15 of 3rd period - Deflect By Marcus Kruger.
10:15 of 3rd period - Stopped by Viktor Fasth with a rebound.
10:17 of 3rd period - Slapshot by Oliver Ekman-Larsson.
10:17 of 3rd period - Shot Blocked by Byron Bitz.
10:19 of 3rd period - Snap shot by Jaromir Jagr.
10:19 of 3rd period - Stopped by Viktor Fasth without a rebound.
10:20 of 3rd period - Jeff Carter wins face-off versus Ryan Kesler in Predators zone.
10:49 of 3rd period - James Van Riemsdyk is hit by Nathan Beaulieu and loses puck.
11:26 of 3rd period - Barret Jackman is hit by Brian McGrattan and loses puck.
12:02 of 3rd period - Alexander Steen is hit by Oliver Ekman-Larsson and loses puck.
12:09 of 3rd period - Snap shot by Drew Miller.
12:09 of 3rd period - Shot Blocked by Adam Burish.
12:37 of 3rd period - Slapshot by Chris Mcallister.
12:37 of 3rd period - Stopped by Viktor Fasth without a rebound.
12:38 of 3rd period - Ryan Kesler wins face-off versus Kyle Wellwood in Predators zone.
12:54 of 3rd period - Mikael Granlund is hit by Drew Miller and loses puck.
13:22 of 3rd period - Snap shot by Brian Lashoff.
13:22 of 3rd period - Shot Misses the Net.
13:24 of 3rd period - Snap shot by Brian McGrattan.
13:24 of 3rd period - Stopped by Viktor Fasth with a rebound.
13:26 of 3rd period - Slapshot by Brian McGrattan.
13:26 of 3rd period - Stopped by Viktor Fasth with a rebound.
13:28 of 3rd period - Wrist shot by Brian McGrattan.
13:28 of 3rd period - Shot Misses the Net.
13:30 of 3rd period - Slapshot by Brian Lashoff.
13:30 of 3rd period - Deflect By Chris Mcallister.
13:30 of 3rd period - Shot Blocked by Dmitri Kalinin.
13:30 of 3rd period - Puck is out of play.
13:31 of 3rd period - Mikael Granlund wins face-off versus Jeff Carter in Predators zone.
13:38 of 3rd period - Wrist shot by Jakub Voracek.
13:38 of 3rd period - Stopped by Viktor Fasth with a rebound.
13:40 of 3rd period - Wrist shot by Jeff Carter.
13:40 of 3rd period - Shot Misses the Net.
13:42 of 3rd period - Wrist shot by Drew Miller.
13:42 of 3rd period - Stopped by Viktor Fasth with a rebound.
13:58 of 3rd period - Mats Zuccarello is hit by Ryan Mcdonagh and loses puck.
14:30 of 3rd period - Niclas Bergfors is hit by Matt Smaby and loses puck.
14:39 of 3rd period - Marcus Kruger is hit by Niclas Bergfors and loses puck.
14:52 of 3rd period - Slapshot by Brendan Gallagher.
14:52 of 3rd period - Shot Blocked by Oliver Ekman-Larsson.
14:54 of 3rd period - Slapshot by Dmitri Kalinin.
14:54 of 3rd period - Stopped by Steve Mason with a rebound.
14:56 of 3rd period - Snap shot by Alexander Edler.
14:56 of 3rd period - Stopped by Steve Mason with a rebound.
14:58 of 3rd period - Snap shot by Brendan Gallagher.
14:58 of 3rd period - Shot Misses the Net.
15:00 of 3rd period - Wrist shot by Brendan Gallagher.
15:00 of 3rd period - Shot Misses the Net.
15:38 of 3rd period - Snap shot by J.T. Miller.
15:38 of 3rd period - Stopped by Viktor Fasth without a rebound.
15:39 of 3rd period - Kyle Wellwood wins face-off versus Andy Miele in Predators zone.
16:04 of 3rd period - Ryan Kesler is hit by Drew Miller and loses puck.
16:23 of 3rd period - Minor Penalty to Niclas Bergfors for Hooking.
16:24 of 3rd period - Kyle Wellwood wins face-off versus Andy Miele in Predators zone.
16:49 of 3rd period - Byron Bitz is hit by Nathan Beaulieu and loses puck.
17:00 of 3rd period - Snap shot by Drew Miller.
17:00 of 3rd period - Shot Blocked by Michal Rozsival.
17:51 of 3rd period - Alexander Edler is hit by Matt Smaby and loses puck.
18:05 of 3rd period - Icing by Drew Miller.
18:06 of 3rd period - Jakub Voracek wins face-off versus Justin Abdelkader in Flyers zone.
18:23 of 3rd period - Penalty to Niclas Bergfors is over, Niclas Bergfors is back on ice.
18:47 of 3rd period - Predators, Viktor Fasth is pulled from the net.
19:30 of 3rd period - Wrist shot by Alexander Ovechkin.
19:30 of 3rd period - Stopped by Steve Mason with a rebound.
19:32 of 3rd period - Snap shot by Alexander Edler.
19:32 of 3rd period - Deflect By Niclas Bergfors.
19:32 of 3rd period - Shot Blocked by Matt Smaby.
19:32 of 3rd period - Puck is out of play.
19:33 of 3rd period - Randy Carlyle call a timeout for Predators.
19:33 of 3rd period - Matthew Lombardi wins face-off versus Ryan Kesler in Flyers zone.
19:33 of 3rd period - Matthew Lombardi is hit by Ryan Kesler.
Goals for this period are 1 for Flyers vs 2 for Predators.
Shots for this period are 11 for Flyers vs 8 for Predators.
Back to the Top